 Dungeon Crawl Stone Soup version 0.29.1-14-g9c671dbff4 (webtiles) character file.

Game seed: 9033188893470833302

114 Ast3rio the Chopper (level 4, -5/16 (40) HPs)
             Began as a Hill Orc Fighter on Feb 14, 2023.
             Killed from afar by an orc wizard (6 damage)
             ... with a puff of flame
             ... on level 4 of the Dungeon.
             The game lasted 00:06:01 (2592 turns).

Ast3rio the Chopper (Hill Orc Fighter)              Turns: 2592, Time: 00:06:06

HP:   -5/16 (40)    AC: 11    Str: 20    XL:     4   Next: 97%
MP:   4/4           EV:  5    Int:  8    God:
Gold: 207           SH:  4    Dex: 10    Spells: 3/3 levels left

rFire   . . .      SeeInvis .   a - +0 war axe
rCold   . . .      Faith    .   c - +0 buckler
rNeg    . . .      Spirit   .   r - +0 plate armour
rPois   .          Reflect  .   (no helmet)
rElec   .          Harm     .   (no cloak)
rCorr   .          Rampage  .   (no gloves)
Will    .....                   (no boots)
Stlth   ..........              (no amulet)
HPRegen 0.05/turn               (no ring)
MPRegen 0.09/turn               (no ring)

@: mighty, extremely drained
A: no striking features
a: no special abilities


You were on level 4 of the Dungeon.
You visited 1 branch of the dungeon, and saw 4 of its levels.

You collected 207 gold pieces.

Inventory:

Hand Weapons
 a - a +0 war axe (weapon)
Missiles
 j - 3 throwing nets (quivered)
Armour
 b - a +0 scale mail
 c - a +0 buckler (worn)
 r - a +0 plate armour (worn)
Jewellery
 t - an amulet of faith
Scrolls
 h - 4 scrolls of enchant weapon {unknown}
 i - a scroll of magic mapping {unknown}
 k - a scroll of brand weapon {unknown}
 l - 2 scrolls of noise {unknown}
 n - 5 scrolls of identify {unknown}
 o - 2 scrolls of teleportation {unknown}
 u - a scroll of immolation {unknown}
Potions
 d - a potion of might
 e - a potion of heal wounds {unknown}
 f - 3 potions of degeneration {unknown}
 g - 3 potions of brilliance {unknown}
 m - 3 potions of lignification {unknown}
 p - a potion of berserk rage {unknown}
 q - a potion of mutation {unknown}
 s - a potion of magic {unknown}


   Skills:
 + Level 4.2 Fighting
 + Level 4.3 Axes
 + Level 4.1 Armour
 + Level 1.0 Dodging
 + Level 0.2 Stealth
 + Level 3.7 Shields


You had 3 spell levels left.
You didn't know any spells.
Your spell library was empty.

Dungeon Overview and Level Annotations

Branches:
Dungeon (4/15)
 Temple: D:4-7

Altars:


Message History

The orc wizard gestures wildly while chanting.
The orc wizard flickers and vanishes!
Something hits you but does no damage.
You closely miss something. You hit the orc. You barely miss something.
The orc hits you but does no damage. Something hits you but does no damage.
You feel drained. Something hits you but does no damage.
You hit something. You completely miss something. You barely miss the orc.
The orc hits you but does no damage. Something hits you but does no damage.
You feel drained. Something hits you but does no damage.
You hear some strange, mumbled words.
A puff of flame appears from out of thin air!
The puff of flame misses you. The orc hits you but does no damage.
Something hits you but does no damage.
You feel drained.
You miss something. You barely miss the orc. You barely miss something.
You feel less confused.
An orc wizard appears from thin air!
Reactivating autopickup.
The orc hits you but does no damage. Something hits you but does no damage.
You feel drained.
Deactivating autopickup; reactivate with Ctrl-A.
The orc wizard hits you with a +0 dagger.
* * * LOW HITPOINT WARNING * * *
You miss something. You slash the orc!
You kill the orc!
You barely miss the orc wizard. Something hits you.
* * * LOW HITPOINT WARNING * * *
You feel drained.
The orc wizard hits you but does no damage.
You closely miss something. You closely miss the orc wizard.
You block something's attack.
The orc wizard points at you and mumbles some strange words.
The magic dart hits you but does no damage.
Something hits you.
* * * LOW HITPOINT WARNING * * *
You feel drained.
The orc wizard hits you but does no damage.
You feel very mighty all of a sudden. Something hits you but does no damage.
You feel drained. The orc wizard casts a spell at you.
The puff of flame hits you.
You die...

)....................#
....#.....).##.......##.
..........####......#...
............###..##.#...
........................
.....###..>...<.......#.
.....# #........†.....#.
...... #.##...)o{)......
..... ...#...#)@.......
#.#..##....... ###..
#)..... #... ##.... #...
#... ..:. ### #....
..#..


You could see an orc wizard.

Vanquished Creatures
  5 adders
  A worm (D:2)
  2 dart slugs
  6 orcs
  6 endoplasms
  2 giant cockroaches
  4 goblins (D:2)
  7 hobgoblins
  2 quokkas
  4 ball pythons
  2 bats
  5 frilled lizards
  8 kobolds
  5 rats
59 creatures vanquished.

Notes
Turn   | Place    | Note
-------+----------+-------------------------------------------
     0 | D:1      | Ast3rio the Hill Orc Fighter began the quest for the Orb.
     0 | D:1      | Reached XP level 1. HP: 19/19 MP: 1/1
   308 | D:1      | Reached XP level 2. HP: 26/27 MP: 2/2
   370 | D:1      | Found a faded altar of an unknown god.
   704 | D:1      | You fall into a shaft and drop 1 floor!
   922 | D:2      | Reached XP level 3. HP: 33/33 MP: 3/3
  1787 | D:3      | Reached XP level 4. HP: 40/40 MP: 4/4
  1946 | D:3      | Reached skill level 1 in Dodging
  2592 | D:4      | Killed from afar by an orc wizard

Illustrated notes

Levels and vault maps discovered:
D:1:      shiori_shiawase, layout_basic,
          hellmonk_ecumenical_altar_leap_of_faith, grunt_decor_junction
D:2:      layout_loops_ring
D:3:      layout_loops_ring, serial_bayou_pond_d, chequers_serial_rivers_micro_b
D:4:      layout_cave_pools, minmay_misc_feat_secret_circle

Skill      XL: |  1  2  3  4 |
---------------+-------------+-----
Fighting       | 4 |  4.2
Axes           | 3 4 |  4.3
Armour         | 4 |  4.1
Dodging        | 1 |  1.0
Stealth        | |  0.2
Shields        | |  3.7

Action                   |  1- 3 |  4- 6 || total
-------------------------+-------+-------++-------
Melee: War axe           |   102 |    63 ||   165
  Use: Potion            |       |     1 ||     1
Armor: Scale mail        |    42 |       ||    42
       Plate armour      |     5 |    94 ||    99
Dodge: Dodged            |    50 |    22 ||    72
Block: Buckler           |    21 |    17 ||    38
